 Dungeon Crawl Stone Soup version 0.31-a0-925-g0a390f2509 (webtiles) character file.

Game seed: 7574464624022431422

42347 jlumianski the Grappler (level 14, -2/97 HPs)
             Began as a Gnoll Shapeshifter on Oct 18, 2023.
             Was the Champion of Hepliaklqana.
             Slain by a black mamba (12 damage)
             ... on level 4 of the Lair of Beasts.
             The game lasted 02:17:59 (17179 turns).

jlumianski the Grappler (Gnoll Shapeshifter)       Turns: 17179, Time: 02:18:00

Health: -2/97      AC: 11    Str: 16    XL:     14   Next: 19%
Magic:  20/36      EV: 16    Int: 12    God:    Hepliaklqana [******]
Gold:   414        SH:  0    Dex: 12    Spells: 18/31 levels left

rFire   . . .        M - +5 dagger (venom)
rCold   . . .        (no shield)
rNeg    . . .        y - +0 steam dragon scales
rPois   .            m - melded +0 helmet
rElec   .            (cloak currently unavailable)
rCorr   .            (gloves currently unavailable)
SInv    .            l - melded +1 pair of boots
Will    +....        B - amulet of regeneration
Stlth   ++++         T - ring of magical power
HPRegen 1.16/turn    L - +4 ring of protection
MPRegen 0.25/turn

%: no passive effects
@: lethally poisoned (-2 -> -10), beast-form, hasted, very quick
A: beast (slay +4), reduced essence, fangs 1, strong nose, distributed training
a: Begin Untransformation, Renounce Religion, Recall Ancestor, Ancestor
Identity, Transference, Idealise


You were on level 4 of the Lair of Beasts.
You worshipped Hepliaklqana.
Hepliaklqana was exalted by your worship.
You were a hulking beast.
You visited 3 branches of the dungeon, and saw 17 of its levels.
You also visited: Ossuary.

You collected 901 gold pieces.
You spent 487 gold pieces at shops.

Inventory:

Hand Weapons
 a - a +2 trident of draining
 g - a +1 triple sword of protection
 r - the +9 lance "Wyrmbane" {slay drac, rPois rF+ rC+ AC+3}
   (You took it off Maggie on level 1 of the Lair of Beasts)

   AC+3:      It affects your AC (+3).
   rF+:       It protects you from fire.
   rC+:       It protects you from cold.
   rPois:     It protects you from poison
 M - a +5 dagger of venom (weapon)
Missiles
 C - 6 boomerangs
 F - 8 atropa-tipped darts
 G - 56 poisoned darts (quivered)
 J - a throwing net
 R - 9 curare-tipped darts
Armour
 e - the +3 hat of Pondering {ponderous, Will+ MP+10 Int+5}
   (You took it off Gastronok on level 3 of the Lair of Beasts)

   Int+5:     It affects your intelligence (+5).
   Will+:     It increases your willpower.
   MP+10:     It affects your magic capacity (+10).
 l - a +1 pair of boots (melded)
 m - a +0 helmet (melded)
 y - +0 steam dragon scales (worn)
 U - a +2 chain mail of fire resistance
 V - a +1 pair of boots of flying
Magical Staves
 q - a staff of cold
Jewellery
 u - a +6 ring of strength
 B - an amulet of regeneration (around neck)
 D - a +5 ring of evasion
 L - a +4 ring of protection (right hand)
 T - a ring of magical power (left hand)
Talismans
 c - a beast talisman (active)
 d - a flux talisman
 w - a blade talisman
Wands
 h - a wand of roots (5)
 E - a wand of charming (32)
 I - a wand of flame (25)
 Q - a wand of mindburst (11)
 S - a wand of polymorph (12)
Scrolls
 f - 5 scrolls of immolation
 i - 4 scrolls of fog
 j - 2 scrolls of revelation
 o - 2 scrolls of poison
 t - 2 scrolls of fear
 v - a scroll of identify
 z - a scroll of enchant weapon
 N - 7 scrolls of teleportation
 W - a scroll of vulnerability
Potions
 b - 8 potions of lignification
 k - 2 potions of ambrosia
 p - 2 potions of resistance
 s - a potion of cancellation
 x - 3 potions of enlightenment
 A - 3 potions of might
 H - a potion of invisibility
Miscellaneous
 P - a phantom mirror


   Skills:
 + Level 9.5 Fighting
 + Level 9.2 Short Blades
 + Level 9.2 Long Blades
 + Level 9.2 Axes
 + Level 9.2 Maces & Flails
 + Level 9.2 Polearms
 + Level 9.2 Staves
 + Level 9.2 Ranged Weapons
 + Level 9.2 Throwing
 + Level 9.2 Armour
 + Level 10.3 Dodging
 + Level 9.2 Stealth
 + Level 9.2 Shields
 + Level 11.2 Unarmed Combat
 + Level 9.2 Spellcasting
 + Level 7.6 Conjurations
 + Level 7.6 Hexes
 + Level 7.6 Summonings
 + Level 7.6 Necromancy
 + Level 7.6 Translocations
 + Level 7.6 Transmutations
 + Level 7.6 Fire Magic
 + Level 7.6 Ice Magic
 + Level 7.6 Air Magic
 + Level 7.6 Earth Magic
 + Level 7.6 Poison Magic
 + Level 10.0 Invocations
 + Level 9.2 Evocations
 + Level 10.6 Shapeshifting


You had 18 spell levels left.
You knew the following spells:

 Your Spells              Type           Power      Damage    Failure   Level
a - Blink                 Tloc           46%        N/A       1%          2
b - Frozen Ramparts       Ice            46%        1d7       1%          3
c - Sting                 Tmut/Pois      92%        1d7       1%          1
d - Ignite Poison         Fire/Tmut/Pois 23%        N/A       1%          3
e - Olgreb's Toxic Radia  Pois           23%        N/A       5%          4

Your spell library contained the following spells:

 Spells                   Type           Power      Damage    Failure   Level
 Necrotise                Necr           92%        1d8       1%          1
 Cigotuvi's Dreadful Rot  Necr/Pois/Air  46%        N/A       1%          2
 Poisonous Vapours        Pois/Air       46%        N/A       1%          2
 Vampiric Draining        Necr           23%        2d7       1%          3
 Dispel Undead            Necr           23%        3d12      5%          4
 Leda's Liquefaction      Hex/Erth       11%        N/A       5%          4
 Manifold Assault         Tloc           23%        N/A       5%          4
 Petrify                  Tmut/Erth      23%        N/A       5%          4
 Agony                    Necr           23%        N/A       16%         5
 Freezing Cloud           Conj/Ice/Air   11%        6-21      16%         5
 Lee's Rapid Deconstruct  Erth           11%        3d8*      16%         5
 Metabolic Englaciation   Hex/Ice        11%        N/A       16%         5
 Bombard                  Conj/Erth      11%        9d3       65%         6
 Death Channel            Necr           11%        N/A       65%         6
 Chain Lightning          Conj/Air       11%        3d15      100%        9
 Fire Storm               Conj/Fire      11%        8d3       100%        9
 Shatter                  Erth           11%        3d12*     100%        9


Dungeon Overview and Level Annotations

Branches:
Dungeon (11/15)            Temple (1/1) D:5            Lair (5/5) D:8
  Swamp (0/4) Lair:2        Snake (0/4) Lair:2          Orc (0/2) D:9
Ossuary (visited)
  Slime: Lair:4-5

Altars:
Ashenzari
Cheibriados
Dithmenos
Elyvilon
Fedhas
Gozag
Hepliaklqana
Kikubaaqudgha
Makhleb
Nemelex Xobeh
Okawaru
Qazlal
Ru
Sif Muna
Trog
Uskayaw
Vehumet
Wu Jian
Xom
Yredelemnul
Zin
The Shining One

Shops:
D:4 [   D:6 [   D:7 [?[(=


Innate Abilities, Weirdness & Mutations

You are a hulking beast.
Your limbs bulge with bestial killing power. (Slay +4)
Your life essence is reduced to manifest your ancestor. (-10% HP)
You have very sharp teeth.
Your uncanny sense of smell can sniff out nearby items.
Your experience applies equally to all skills.


Message History

You see here an elephant corpse.
You feel very sick.
The black mamba attacks as it pursues you!
The black mamba bites you.
The blink frog blinks!
The black mamba barely misses you. The cane toad closely misses you.
There is a stone staircase leading up, spattered with blood here.
You feel very sick. The black mamba bites you!
* * * LOW HITPOINT WARNING * * *
The cane toad stings you!
* * * LOW HITPOINT WARNING * * *
You are lethally poisoned!
The cane toad poisons you! The black mamba misses you.
The cane toad stings you but does no damage.
You climb upwards.
* * * LOW HITPOINT WARNING * * *
You feel extremely sick.
There is a stone staircase leading down here.
You feel better. The black mamba bites you.
* * * LOW HITPOINT WARNING * * *
The cane toad misses you. The cane toad barely misses you.
The black mamba bites you but does no damage.
Casting: Ignite Poison (safe; 1% risk of failure)
Confirm with . or Enter, or press ? or * to list all spells.
Okay, then.
Unknown command.
Blink to where?
Press: ? - help, Dir - move target
As you read the scroll of blinking, it crumbles to dust.
You feel yourself speed up. The black mamba bites you!
* * * LOW HITPOINT WARNING * * *
You are poisoned.
The black mamba poisons you!
* * * LOW HITPOINT WARNING * * *
You feel very sick.
* * * LOW HITPOINT WARNING * * *
You feel very sick.
The black mamba attacks as it pursues you!
The black mamba bites you!
You die...

##.###### .#....#
###..###.... #P.##
.....# #... #..##
#...# #.###P....#
.... #..# ##..##P...#
....##P... #..# #.#.#
... .....# .. #..##
#.. #...# #.. #.P#
#.## #...##P..
##.#####..###<.......
#..###.#.P#.#h.......
#P..........S........
##.........F.........
##......F............
#....................
##...................
##.#..#####.......###
##..#### ###.....#
#....####P. ......P#


You could see a black mamba and 2 cane toads.

Vanquished Creatures
  2 dire elephants (Lair:2)
  A hydra (Lair:3)
  2 boulder beetles (Lair:2)
  A death yak (Lair:2)
  2 skysharks
  Sonja (Lair:3)
  The ghost of gelatine the Ruffian, a novice TrSh (D:5)
  A bog body (Lair:2)
  An ugly thing (D:11)
  A salamander (Lair:2)
  12 elephants
  3 black mambas
  9 cane toads
  A torpor snail (Lair:2)
  2 rime drakes (Lair:3)
  Jeremiah (Lair:1)
  2 burning bushes (Lair:3)
  6 komodo dragons
  A troll (D:11)
  A polar bear (Lair:3)
  A hornet (D:9)
  13 blink frogs
  A wyvern (Lair:2)
  A wraith (D:9)
  18 yaks
  A vampire mosquito (D:9)
  A basilisk (D:11)
  The ghost of bchevrier the Thaumaturge, an amateur GnWn of Trog (D:4)
  2 nagas (Lair:2)
  Duvessa (D:4)
  A swamp drake (D:9)
  14 water moccasins
  2 black bears
  A sky beast (D:7)
  6 orc warriors
  5 centaurs
  9 wolves
  4 kobold brigands
  18 bullfrogs
  A gnoll sergeant (D:9)
  2 scorpions (D:5)
  10 wights
  2 hexers
  Dowan (D:4)
  3 jellies
  5 howler monkeys
  A centaur zombie (Ossuary)
  A hound (D:5)
  7 orc priests
  Ijyb (D:5)
  A sleepcap (D:6)
  Terence (D:1)
  Natasha (D:1)
  2 iguanas
  4 orc wizards
  5 hell rats
  3 mummies (Ossuary)
  Robin (D:2)
  8 gnolls
  8 adders
  A shadow imp (D:8)
  A white imp (D:7)
  2 ufetubi
  2 dart slugs
  26 orcs
  3 ball pythons
  6 endoplasms
  16 goblins
  8 hobgoblins
  24 kobolds
  6 quokkas
  5 bats
  8 frilled lizards
  A gnoll zombie (Ossuary)
  2 hobgoblin zombies (Ossuary)
  A kobold zombie (Ossuary)
  An orc zombie (Ossuary)
  2 rats
334 creatures vanquished.

Vanquished Creatures (collateral kills)
  Gastronok (Lair:3)
  A hydra (Lair:2)
  A centaur warrior (D:8)
  2 two-headed ogres
  4 death yaks
  A bog body (Lair:2)
  3 elephants
  A black mamba (Lair:2)
  Maggie (Lair:1)
  2 burning bushes (Lair:3)
  3 blink frogs (Lair:4)
  A shadow (D:9)
  2 wyverns
  4 yaks
  A vampire mosquito (D:9)
  A naga (Lair:2)
  An orc warrior (D:9)
  4 water moccasins
  A sky beast (D:8)
  An ogre (D:9)
  2 wolves
  A kobold brigand (D:8)
  A bullfrog (D:8)
  A wight (D:8)
  2 howler monkeys
  A jelly (D:7)
  An iguana (D:6)
  5 orc wizards
  2 gnolls (D:9)
  A white imp (D:6)
  An ufetubus (D:6)
  12 orcs
  2 endoplasms (D:4)
  2 goblins (D:4)
  7 kobolds
  A kobold zombie (Ossuary)
  An orc zombie (Ossuary)
79 creatures vanquished.

Vanquished Creatures (others)
  7 hexers
  2 ancestors
9 creatures vanquished.

Grand Total: 422 creatures vanquished

Notes
Turn   | Place    | Note
-------+----------+-------------------------------------------
     0 | D:1      | jlumianski the Gnoll Shapeshifter began the quest for the
                  | Orb.
     0 | D:1      | Reached XP level 1. HP: 17/17 MP: 1/1
   208 | D:1      | Reached XP level 2. HP: 23/23 MP: 2/2
   611 | D:2      | Noticed Terence
   929 | D:1      | Reached XP level 3. HP: 28/28 MP: 3/3
  1019 | D:1      | Killed Terence
  1020 | D:1      | Reached skill level 1 in Short Blades
  1020 | D:1      | Reached skill level 1 in Long Blades
  1020 | D:1      | Reached skill level 1 in Axes
  1020 | D:1      | Reached skill level 1 in Maces & Flails
  1020 | D:1      | Reached skill level 1 in Polearms
  1020 | D:1      | Reached skill level 1 in Staves
  1020 | D:1      | Reached skill level 1 in Ranged Weapons
  1020 | D:1      | Reached skill level 1 in Throwing
  1020 | D:1      | Reached skill level 1 in Armour
  1020 | D:1      | Reached skill level 1 in Stealth
  1020 | D:1      | Reached skill level 1 in Shields
  1020 | D:1      | Reached skill level 1 in Spellcasting
  1020 | D:1      | Reached skill level 1 in Invocations
  1020 | D:1      | Reached skill level 1 in Evocations
  1020 | D:1      | Reached XP level 4. HP: 18/34 MP: 5/5
  1166 | D:2      | Noticed Natasha
  1262 | D:1      | Killed Natasha
  1263 | D:1      | Reached skill level 1 in Conjurations
  1263 | D:1      | Reached skill level 1 in Hexes
  1263 | D:1      | Reached skill level 1 in Summonings
  1263 | D:1      | Reached skill level 1 in Necromancy
  1263 | D:1      | Reached skill level 1 in Translocations
  1263 | D:1      | Reached skill level 1 in Transmutations
  1263 | D:1      | Reached skill level 1 in Fire Magic
  1263 | D:1      | Reached skill level 1 in Ice Magic
  1263 | D:1      | Reached skill level 1 in Air Magic
  1263 | D:1      | Reached skill level 1 in Earth Magic
  1263 | D:1      | Reached skill level 1 in Poison Magic
  1343 | D:1      | Reached XP level 5. HP: 26/40 MP: 5/7
  1462 | D:2      | Found a snail-covered altar of Cheibriados.
  1655 | D:2      | Noticed Robin
  1673 | D:2      | Killed Robin
  2409 | D:4      | Found Uxtagh's Antique Armour Shop.
  2863 | D:3      | Found a faded altar of an unknown god.
  3147 | D:4      | You fall into a shaft and drop 1 floor!
  3147 | D:5      | Entered Level 5 of the Dungeon
  3147 | D:5      | Found a staircase to the Ecumenical Temple.
  3150 | Temple   | Entered the Ecumenical Temple
  3186 | Temple   | Became a worshipper of Hepliaklqana the Forgotten
  3337 | D:5      | Reached XP level 6. HP: 33/47 MP: 8/8
  3391 | D:5      | Reached skill level 5 in Dodging
  3462 | D:5      | Found a runed translucent gate.
  3627 | D:5      | Noticed Ijyb
  3647 | D:5      | Killed Ijyb
  3837 | D:5      | Found a runed translucent gate.
  3838 | D:5      | Found a runed translucent gate.
  3841 | D:5      | Noticed gelatine's ghost (novice TrSh)
  3968 | D:5      | Reached * piety under Hepliaklqana
  4206 | D:4      | Found a runed translucent gate.
  4207 | D:4      | Found a runed translucent gate.
  4211 | D:4      | Found a runed translucent gate.
  4293 | D:4      | Reached XP level 7. HP: 45/46 MP: 10/10
  4379 | D:4      | Found a glowing golden altar of the Shining One.
  4380 | D:4      | Found a glowing silver altar of Zin.
  4380 | D:4      | Found a white marble altar of Elyvilon.
  4434 | D:4      | Noticed Duvessa
  4436 | D:4      | Noticed Dowan
  4442 | D:4      | Killed Duvessa
  4443 | D:4      | Reached skill level 7 in Unarmed Combat
  4447 | D:4      | Killed Dowan
  4605 | D:4      | Noticed bchevrier's ghost (amateur GnWn)
  4886 | D:4      | Killed bchevrier's ghost
  4969 | D:5      | Reached XP level 8. HP: 49/54 MP: 12/12
  5602 | D:6      | HP: 2/54 [orc priest/divine providence (15)]
  6227 | D:6      | Reached ** piety under Hepliaklqana
  6228 | D:6      | Remembered your ancestor Hsekiu as a hexer
  6242 | D:7      | Found Boehyate's Antique Armour Emporium.
  6648 | D:5      | Killed gelatine's ghost
  6649 | D:5      | Reached XP level 9. HP: 60/60 MP: 13/15
  6856 | D:7      | Bought a glowing chain mail for 187 gold pieces
  6904 | D:7      | Found Xistroj's Jewellery Shop.
  6916 | D:7      | Reached skill level 5 in Fighting
  6987 | D:7      | Found Qolev Xogu's Antique Weapon Boutique.
  7064 | D:7      | Reached skill level 8 in Unarmed Combat
  7284 | D:8      | Found an ancient bone altar of Kikubaaqudgha.
  7306 | D:8      | Found a staircase to the Lair.
  7394 | D:8      | Found a sand-covered staircase.
  7404 | D:8      | Reached skill level 5 in Invocations
  7411 | Ossuary  | Entered an ossuary
  7777 | D:7      | Found Dunn's Magic Scroll Shoppe.
  7904 | D:7      | Found Keetep's Armour Shoppe.
  8458 | D:8      | Reached *** piety under Hepliaklqana
  8536 | D:8      | Reached XP level 10. HP: 42/66 MP: 17/17
  8610 | D:8      | Reached skill level 5 in Short Blades
  8610 | D:8      | Reached skill level 5 in Long Blades
  8610 | D:8      | Reached skill level 5 in Axes
  8610 | D:8      | Reached skill level 5 in Maces & Flails
  8610 | D:8      | Reached skill level 5 in Polearms
  8610 | D:8      | Reached skill level 5 in Staves
  8610 | D:8      | Reached skill level 5 in Ranged Weapons
  8610 | D:8      | Reached skill level 5 in Throwing
  8610 | D:8      | Reached skill level 5 in Armour
  8610 | D:8      | Reached skill level 5 in Stealth
  8610 | D:8      | Reached skill level 5 in Shields
  8610 | D:8      | Reached skill level 5 in Spellcasting
  8610 | D:8      | Reached skill level 5 in Evocations
  8872 | D:8      | Noticed a two-headed ogre
  8877 | D:8      | Killed a two-headed ogre
  8949 | D:8      | Noticed a centaur warrior
  8959 | D:8      | Killed a centaur warrior
  9848 | D:9      | Found a staircase to the Orcish Mines.
 10276 | D:9      | Reached XP level 11. HP: 74/74 MP: 19/19
 10288 | D:9      | Reached skill level 9 in Unarmed Combat
 10352 | D:9      | Reached skill level 5 in Conjurations
 10352 | D:9      | Reached skill level 5 in Hexes
 10352 | D:9      | Reached skill level 5 in Summonings
 10352 | D:9      | Reached skill level 5 in Necromancy
 10352 | D:9      | Reached skill level 5 in Translocations
 10352 | D:9      | Reached skill level 5 in Transmutations
 10352 | D:9      | Reached skill level 5 in Fire Magic
 10352 | D:9      | Reached skill level 5 in Ice Magic
 10352 | D:9      | Reached skill level 5 in Air Magic
 10352 | D:9      | Reached skill level 5 in Earth Magic
 10352 | D:9      | Reached skill level 5 in Poison Magic
 10559 | D:9      | Noticed a two-headed ogre
 10565 | D:9      | Killed a two-headed ogre
 10632 | D:10     | Entered Level 10 of the Dungeon
 10642 | D:10     | Reached **** piety under Hepliaklqana
 10793 | D:10     | Found a radiant altar of Vehumet.
 10793 | D:10     | Found an iron altar of Okawaru.
 11394 | D:10     | Found a broken altar of Ashenzari.
 11519 | D:10     | Found a bloodstained altar of Trog.
 11785 | D:10     | Found an opulent altar of Gozag.
 11824 | D:11     | Identified the "Lix Qelo"
 11824 | D:11     | Identified the "Osoff"
 11824 | D:11     | Identified the of Qephirch
 11824 | D:11     | Identified the "Depioh"
 11944 | D:11     | Noticed a red ugly thing
 11961 | D:11     | Killed a green ugly thing
 12183 | D:7      | Bought an amulet of regeneration for 300 gold pieces
 12248 | Lair:1   | Entered Level 1 of the Lair of Beasts
 12351 | Lair:1   | Reached ***** piety under Hepliaklqana
 12457 | Lair:1   | Noticed Jeremiah
 12465 | Lair:1   | Killed Jeremiah
 12929 | Lair:1   | Reached XP level 12. HP: 73/81 MP: 22/22
 13080 | Lair:1   | Noticed Maggie
 13088 | Lair:1   | Killed Maggie
 13240 | Lair:1   | Learned a level 2 spell: Blink
 13244 | Lair:1   | Learned a level 3 spell: Frozen Ramparts
 13246 | Lair:1   | Learned a level 1 spell: Sting
 13250 | Lair:1   | Learned a level 3 spell: Ignite Poison
 13305 | Lair:2   | Noticed a boulder beetle
 13321 | Lair:2   | Killed a boulder beetle
 13329 | Lair:2   | Noticed a boulder beetle
 13341 | Lair:2   | Killed a boulder beetle
 13406 | Lair:2   | Noticed a death yak
 13569 | Lair:2   | Killed a death yak
 13570 | Lair:2   | Reached skill level 10 in Unarmed Combat
 13608 | Lair:2   | Noticed a death yak
 13637 | Lair:2   | Killed a death yak
 14043 | Lair:2   | Noticed a seven-headed hydra
 14051 | Lair:2   | Killed a seven-headed hydra
 14063 | Lair:2   | Found a staircase to the Swamp.
 14238 | Lair:2   | Found a staircase to the Snake Pit.
 14389 | Lair:2   | Noticed a dire elephant
 14389 | Lair:2   | Noticed a dire elephant
 14447 | Lair:2   | Found a runed translucent door.
 14706 | Lair:2   | Killed a dire elephant
 14707 | Lair:2   | Reached XP level 13. HP: 67/89 MP: 23/25
 14772 | Lair:2   | Killed a dire elephant
 14773 | Lair:2   | Reached skill level 10 in Shapeshifting
 15205 | Lair:1   | Learned a level 4 spell: Olgreb's Toxic Radiance
 15469 | Lair:3   | Noticed Gastronok
 15529 | Lair:3   | Killed Gastronok
 15622 | Lair:3   | Noticed Sonja
 15630 | Lair:3   | Killed Sonja
 16133 | Lair:3   | Reached skill level 10 in Dodging
 16133 | Lair:3   | Reached skill level 11 in Unarmed Combat
 16322 | Lair:3   | Upgraded the game from 0.31-a0-920-g28cbb04a8c to
                  | 0.31-a0-925-g0a390f2509
 16740 | Lair:4   | Reached XP level 14. HP: 97/97 MP: 22/27
 16903 | Lair:4   | Reached ****** piety under Hepliaklqana
 17151 | Lair:5   | Entered Level 5 of the Lair of Beasts
 17159 | Lair:5   | Reached skill level 10 in Invocations
 17179 | Lair:4   | Slain by a black mamba

Illustrated notes

Levels and vault maps discovered:
D:1:      minmay_arrival_widening_spiral_wide, layout_loops_corners,
          minmay_door_square
D:2:      layout_basic, basic_altar, minmay_lizard_pond, uniq_terence,
          uniq_robin, uniq_natasha
D:3:      layout_loops_ring, hellmonk_ecumenical_altar_leap_of_faith,
          minmay_three_crescents
D:4:      layout_basic, dreamdust_divine_triumvirate, serial_shops,
          nicolae_shop_overgrown_old_shop, ebering_ghost_rock_garden,
          chequers_serial_rivers_micro_e, uniq_duvessa
D:5:      layout_basic, temple_green, gammafunk_ghost_nasty_kobolds,
          kennysheep_generic_room_9, uniq_ijyb
D:6:      layout_loops_ring, grunt_ministairs_8
D:7:      layout_loops_ring, serial_shops, shop, shop, shop, shop_fountains,
          shop, minmay_circle_x
D:8:      minmay_thick_lines, layout_loops_ring,
          nicolae_kikubaaqudgha_miasma_corner, dpeg_oklobed_lair,
          enter_ossuary_2
D:9:      layout_roguey, erik_orc_1, minmay_fractal_squares_5
D:10:     layout_gridville, nicolae_overflow_macrodata_refinement,
          evilmike_ruin_ashenzari
D:11:     evilmike_library_of_no_secrets, layout_basic, gauntlet_entry_generic,
          minmay_librarian, uniq_nergalle
Temple:   hellmonk_temple_forest_ring
Lair:1:   layout_cave_pods, uniq_jeremiah, uniq_maggie
Lair:2:   gammafunk_lair_enchanted_lake, layout_gridlike,
          skrybe_swamp_entry_bodies, alex1729_snake_entry_snake,
          grunt_megastairs_5
Lair:3:   layout_cave_pods, evilmike_ambush [evilmike_ambush_outer_basic,
          evilmike_ambush_inner_pond], uniq_gastronok, uniq_sonja
Lair:4:   layout_regular_city
Lair:5:   hangedman_lair_caniforms_friends, layout_long_grid,
          minmay_slime_entry_oklob_enclosed, infiniplex_staircase_pool,
          uniq_urug

Skill      XL: |  1  2  3  4  5  6  7  8  9 10 11 12 13 14 |
---------------+-------------------------------------------+-----
Short Blades   | 1 2 3 4 5 6 8 9 |  9.2
Long Blades    | 1 2 3 4 5 6 8 9 |  9.2
Axes           | 1 2 3 4 5 6 8 9 |  9.2
Maces & Flails | 1 2 3 4 5 6 8 9 |  9.2
Polearms       | 1 2 3 4 5 6 8 9 |  9.2
Staves         | 1 2 3 4 5 6 8 9 |  9.2
Ranged Weapons | 1 2 3 4 5 6 8 9 |  9.2
Throwing       | 1 2 3 4 5 6 8 9 |  9.2
Armour         | 1 2 3 4 5 6 8 9 |  9.2
Stealth        | 1 2 3 4 5 6 8 9 |  9.2
Shields        | 1 2 3 4 5 6 8 9 |  9.2
Spellcasting   | 1 2 3 4 5 6 8 9 |  9.2
Invocations    | 1 2 3 4 5 6 7 8 9 10 | 10.0
Evocations     | 1 2 3 4 5 6 8 9 |  9.2
Conjurations   | 1 2 3 4 5 6 7 |  7.6
Hexes          | 1 2 3 4 5 6 7 |  7.6
Summonings     | 1 2 3 4 5 6 7 |  7.6
Necromancy     | 1 2 3 4 5 6 7 |  7.6
Translocations | 1 2 3 4 5 6 7 |  7.6
Transmutations | 1 2 3 4 5 6 7 |  7.6
Fire Magic     | 1 2 3 4 5 6 7 |  7.6
Ice Magic      | 1 2 3 4 5 6 7 |  7.6
Air Magic      | 1 2 3 4 5 6 7 |  7.6
Earth Magic    | 1 2 3 4 5 6 7 |  7.6
Poison Magic   | 1 2 3 4 5 6 7 |  7.6
Fighting       | 3 4 5 6 7 8 9 |  9.5
Dodging        | 5 6 7 8 9 10 | 10.3
Unarmed Combat | 7 8 9 10 11 | 11.2
Shapeshifting  | 7 8 9 10 | 10.6

Action                     |  1- 3 |  4- 6 |  7- 9 | 10-12 | 13-15 || total
---------------------------+-------+-------+-------+-------+-------++-------
  Melee: Unarmed           |    43 |   205 |   220 |   360 |       ||   828
         Bite              |     1 |    25 |    36 |    65 |    25 ||   152
         Punch             |       |     1 |       |    14 |    20 ||    35
         Lance             |       |       |       |   168 |   131 ||   299
         Dagger            |       |       |       |       |    38 ||    38
  Throw: Dart              |       |       |       |     5 |     7 ||    12
         Boomerang         |       |       |       |     3 |       ||     3
         Throwing net      |       |       |       |       |     1 ||     1
   Cast: Ignite Poison     |       |       |       |     1 |    28 ||    29
         Frozen Ramparts   |       |       |       |     1 |       ||     1
         Olgreb's Toxic Ra |       |       |       |       |    13 ||    13
         Blink             |       |       |       |       |     4 ||     4
 Invoke: Ancestor Life: He |       |       |     1 |       |       ||     1
         Recall Ancestor   |       |       |     1 |     6 |     6 ||    13
         Idealise          |       |       |       |       |     1 ||     1
  Evoke: Wand              |       |       |     3 |     4 |       ||     7
    Use: Scroll            |       |     4 |    12 |     3 |     4 ||    23
         Potion            |       |     3 |     2 |     2 |     4 ||    11
   Stab: Sleeping          |     1 |       |       |     4 |     3 ||     8
         Distracted        |       |       |     5 |    10 |     5 ||    20
         Confused          |       |       |     3 |    21 |     2 ||    26
 Armour: Leather armour    |     3 |       |       |       |       ||     3
         Scale mail        |    24 |    95 |       |       |       ||   119
         Chain mail        |       |    33 |   116 |   210 |       ||   359
         Steam dragon scal |       |       |       |    48 |   180 ||   228
  Dodge: Dodged            |    27 |    91 |   130 |   331 |   144 ||   723
   Form: Flux              |       |     1 |       |     1 |       ||     2
         Blade             |       |       |       |     1 |       ||     1
         Beast             |       |       |       |     1 |       ||     1

Table legend: (Time is in decaauts)
 A = Elapsed time spent in this place.
 B = Non-inter-level travel time spent in this place.
 C = Inter-level travel time spent in this place.
 D = Time resting spent in this place.
 E = Time spent auto-exploring this place.
 F = Levels seen in this place.
 G = Mean time per level.
                   A        B        C        D        E       F      G
               +--------+--------+--------+--------+--------+-----+--------+
         Total |  17059 |  16263 |    796 |   2270 |   8420 |  18 |  947.7 |
       Dungeon |  11919 |  11275 |    644 |   1627 |   6133 |  11 | 1083.5 |
        Temple |     59 |     59 |      0 |      0 |      0 |   1 |   59.0 |
          Lair |   4819 |   4667 |    152 |    643 |   2287 |   5 |  963.8 |
       Ossuary |    260 |    260 |      0 |      0 |      0 |   1 |  260.0 |
               +--------+--------+--------+--------+--------+-----+--------+

Top non-repeatable levels by time:
  Lair:2: 1799 daAuts
     D:8: 1622 daAuts
     D:5: 1581 daAuts
     D:9: 1474 daAuts
  Lair:1: 1284 daAuts
     D:1: 1245 daAuts
     D:7: 1226 daAuts
  Lair:3: 1198 daAuts
     D:6: 1157 daAuts
     D:2: 1012 daAuts
     D:4: 911 daAuts
     D:3: 826 daAuts
    D:10: 608 daAuts
  Lair:4: 525 daAuts
 Ossuary: 260 daAuts
